 Dungeon Crawl Stone Soup version 0.27-a0-773-gaaee5cf45b (webtiles) character file.

Game seed: 12447324796607311592

3944 snetch the Basher (level 10, -1/88 HPs)
             Began as a Minotaur Berserker on Mar 25, 2021.
             Was a Priest of Trog.
             Slain by a skeletal warrior
             ... wielding a +0 morningstar
              (24 damage)
             ... on level 8 of the Dungeon.
             The game lasted 00:16:38 (7550 turns).

snetch the Basher (Minotaur Berserker)              Turns: 7550, Time: 00:16:40

Health: -1/88      AC: 13    Str: 25    XL:     10   Next: 1%
Magic:  9/9        EV: 12    Int:  4    God:    Trog [***...]
Gold:   456        SH:  0    Dex: 10    Spells: 9/9 levels left

rFire    . . .     SeeInvis .   a - +3 morningstar (drain)
rCold    . . .     Faith    .   (no shield)
rNeg     . . .     Spirit   .   t - +3 ring mail
rPois    .         Reflect  .   (helmet restricted)
rElec    .         Harm     .   K - +0 cloak
rCorr    .         Rampage  .   d - +0 pair of gloves
Will     .....                  y - +0 pair of boots
Stlth    +.........             (no amulet)
HPRegen  0.24/turn              (no ring)
MPRegen  0.11/turn              (no ring)

@: no status effects
A: horns 2, retaliatory headbutt
a: Renounce Religion, Berserk, Trog's Hand


You were on level 8 of the Dungeon.
You worshipped Trog.
Trog was most pleased with you.
You visited 2 branches of the dungeon, and saw 9 of its levels.

You collected 494 gold pieces.
You spent 38 gold pieces at shops.

Inventory:

Hand Weapons
 a - a +3 morningstar of draining (weapon)
 b - a +0 trident
 l - a +0 war axe
 C - a +3 mace
 E - a +1 whip of electrocution
 F - a +1 flail of protection
 J - a +3 quarterstaff of chaos
Missiles
 c - 204 stones
 h - 194 arrows
 k - 67 bolts
 s - a curare-tipped dart
 H - 5 boomerangs (quivered)
Armour
 d - a +0 pair of gloves (worn)
 t - a +3 ring mail (worn)
 x - a +0 plate armour
 y - a +0 pair of boots (worn)
 G - +0 steam dragon scales
 K - a +0 cloak (worn)
Wands
 n - a wand of polymorph (12)
 w - a wand of mindburst (28)
 I - a wand of flame (8)
Scrolls
 e - 5 scrolls of identify {unknown}
 f - 2 scrolls of amnesia
 i - a scroll of enchant armour {unknown}
 j - a scroll of immolation {unknown}
 m - a scroll of noise {unknown}
 p - 3 scrolls of blinking {unknown}
 L - a scroll of enchant weapon {unknown}
 M - a scroll of summoning {unknown}
 N - a scroll of teleportation {unknown}
Potions
 g - a potion of degeneration {unknown}
 o - a potion of magic {unknown}
 q - a potion of attraction {unknown}
 r - 2 potions of curing {unknown}
 v - 2 potions of heal wounds {unknown}
 z - 3 potions of might {unknown}
 A - a potion of berserk rage {unknown}
 B - a potion of haste {unknown}
 D - 3 potions of ambrosia {unknown}


   Skills:
 + Level 8.2 Fighting
 + Level 6.1(9.2) Axes
 + Level 10.1(10.8) Maces & Flails
 + Level 3.1(5.0) Polearms
 + Level 7.9 Armour
 + Level 5.7 Dodging
 + Level 2.3 Stealth


You had 9 spell levels left.
You didn't know any spells.
Your spell library contained the following spells:

 Spells                   Type           Power      Damage    Failure   Level
 Animate Skeleton         Necr           0%         N/A       63%         1
 Corona                   Hex            0%         N/A       63%         1
 Pain                     Necr           0%         1d4       63%         1
 Ensorcelled Hibernation  Hex/Ice        0%         N/A       77%         2
 Confusing Touch          Hex            0%         N/A       94%         3
 Dazzling Flash           Conj/Hex       0%         N/A       94%         3
 Gell's Gravitas          Tloc           0%         N/A       94%         3
 Tukima's Dance           Hex            0%         N/A       94%         3
 Vampiric Draining        Necr           0%         2d6       94%         3
 Animate Dead             Necr           0%         N/A       100%        4
 Petrify                  Tmut/Erth      0%         N/A       100%        4
 Agony                    Necr           0%         N/A       100%        5
 Metabolic Englaciation   Hex/Ice        0%         N/A       100%        5
 Yara's Violent Unravell  Hex/Tmut       0%         3d3       100%        5


Dungeon Overview and Level Annotations

Branches:
Dungeon (8/15)             Temple (1/1) D:5
   Lair: D:8-11

Altars:
Ashenzari
Cheibriados
Dithmenos
Elyvilon
Kikubaaqudgha
Nemelex Xobeh
Okawaru
Qazlal
Sif Muna
Trog
Uskayaw
Wu Jian
Yredelemnul
Zin
The Shining One
Lugonu

Shops:
D:4 :(*   D:7 [

Annotations:
D:2 trapdoor behind water
D:8 elementals behind stone, Maurice


Innate Abilities, Weirdness & Mutations

You have a pair of horns on your head.
You reflexively headbutt those who attack you in melee.


Message History

You hit Maurice.
Maurice is heavily wounded.
Maurice gestures wildly while chanting.
Maurice blinks!
Your skin crawls.
You feel strong-willed. The skeletal warrior misses you.
Okay, then.
Maurice shouts, "HAHA!"
You feel the effects of Trog's Hand fading.
You hit the skeletal warrior but do no damage.
The skeletal warrior hits you with a +0 morningstar.
You closely miss the skeletal warrior.
The skeletal warrior hits you with a +0 morningstar!!
You puncture the skeletal warrior!
The skeletal warrior is moderately damaged.
You hit the skeletal warrior.
The skeletal warrior is moderately damaged.
The skeletal warrior hits you with a +0 morningstar!!
The skeletal warrior hits you with a +0 morningstar!!
* * * LOW HITPOINT WARNING * * *
Your skin stops crawling.
You feel less strong-willed.
An orc comes into view. It is wielding a +0 mace.
The orc shouts!
As you read the scroll of fear, it crumbles to dust.
You assume a fearsome visage.
The skeletal warrior is unaffected. x2
The orc looks frightened!
The skeletal warrior hits you with a +2 war axe of flaming.
* * * LOW HITPOINT WARNING * * *
The skeletal warrior burns you.
* * * LOW HITPOINT WARNING * * *
As you read the scroll labelled UMITZIRUPP, it crumbles to dust.
It is a scroll of amnesia.
You feel forgetful for a moment.
The skeletal warrior hits you with a +2 war axe of flaming.
* * * LOW HITPOINT WARNING * * *
The skeletal warrior burns you.
* * * LOW HITPOINT WARNING * * *
The skeletal warrior hits you with a +0 morningstar!!
You die...

###.#.# ########## #.#..
#.@z.z...# #.###
#####.######z# #.......# #.#
#.......# #z# #.......# #.#
. #.......# #z##### ..
###.......# #.z@z.##+###...
.........z# #####.........#
.........@########.........#
............z..z@...).o....#
..................#........#
..................#........#
###...###.........+........#
#E#...#E##........#........#
###...####........#........#


You could see 3 skeletal warriors and an orc (fleeing).

Vanquished Creatures
  A skeletal warrior (D:7)
  Pikel (D:6)
  Maggie (D:6)
  3 yaks (D:7)
  Duvessa (D:6)
  An orc warrior (D:5)
  2 ice beasts
  2 sky beasts
  An ogre (D:6)
  3 centaurs
  3 phantoms
  3 bullfrogs
  A kobold brigand (D:4)
  Dowan (D:6)
  A wyvern zombie (D:7)
  A scorpion (D:4)
  A water moccasin skeleton (D:5)
  A bullfrog skeleton (D:3)
  A jelly (D:6)
  A centaur zombie (D:4)
  2 orc priests (D:6)
  Crazy Yiuf (D:6)
  A centaur skeleton (D:6)
  2 hounds
  2 iguanas
  3 orc wizards
  A hound skeleton (D:4)
  A howler monkey zombie (D:5)
  9 adders
  3 gnolls (D:5)
  A howler monkey skeleton (D:5)
  2 white imps (D:6)
  An ufetubus (D:5)
  A worm (D:3)
  4 dart slugs
  18 orcs
  2 endoplasms
  A giant cockroach (D:2)
  7 goblins
  8 hobgoblins
  7 quokkas
  6 ball pythons
  3 bats
  4 frilled lizards
  7 kobolds
  5 rats
  A bush (D:6)
133 creatures vanquished.

Vanquished Creatures (others)
  4 fungi (D:6)
4 creatures vanquished.

Grand Total: 137 creatures vanquished

Notes
Turn   | Place    | Note
-------+----------+-------------------------------------------
     0 | D:1      | snetch the Minotaur Berserker began the quest for the Orb.
     0 | D:1      | Reached XP level 1. HP: 19/19 MP: 0/0
   284 | D:3      | Reached XP level 2. HP: 16/27 MP: 1/1
   901 | D:1      | Reached ** piety under Trog
   914 | D:2      | Reached XP level 3. HP: 31/33 MP: 2/2
  1646 | D:2      | Reached XP level 4. HP: 32/41 MP: 3/3
  1763 | D:2      | Found a stormy altar of Qazlal.
  2174 | D:3      | Found a snail-covered altar of Cheibriados.
  2546 | D:3      | Found a glowing golden altar of the Shining One.
  2761 | D:4      | Reached skill level 1 in Polearms
  2761 | D:4      | Reached XP level 5. HP: 47/47 MP: 4/4
  2888 | D:4      | Reached skill level 1 in Stealth
  2928 | D:4      | Found Mufunyhange's Book Emporium.
  2939 | D:5      | Entered Level 5 of the Dungeon
  2982 | D:4      | Reached XP level 6. HP: 22/53 MP: 5/5
  3403 | D:4      | Found Irid's General Store.
  3412 | D:4      | Bought a scroll of fear for 38 gold pieces
  3460 | D:4      | Reached skill level 1 in Maces & Flails
  3960 | D:4      | Found Wuenivin's Weapon Shoppe.
  4023 | D:4      | Found a bloodstained altar of Trog.
  4126 | D:5      | Noticed a sky beast
  4138 | D:5      | Killed a sky beast
  4139 | D:5      | Reached skill level 5 in Fighting
  4287 | D:5      | Reached skill level 2 in Maces & Flails
  4291 | D:5      | Noticed an orc warrior
  4302 | D:5      | Reached skill level 5 in Armour
  4302 | D:5      | Reached XP level 7. HP: 61/61 MP: 6/6
  4306 | D:5      | Reached *** piety under Trog
  4307 | D:5      | Reached skill level 5 in Axes
  4308 | D:5      | Reached skill level 3 in Maces & Flails
  4583 | D:6      | Reached skill level 4 in Maces & Flails
  4713 | D:5      | Found a staircase to the Ecumenical Temple.
  4719 | Temple   | Entered the Ecumenical Temple
  5339 | D:6      | Reached XP level 8. HP: 58/70 MP: 7/7
  5579 | D:6      | Noticed Pikel
  5595 | D:6      | Killed Pikel
  5596 | D:6      | Reached skill level 5 in Maces & Flails
  5740 | D:6      | Noticed Maggie
  5757 | D:6      | Killed Maggie
  5758 | D:6      | Reached skill level 6 in Maces & Flails
  5816 | D:6      | Reached skill level 5 in Dodging
  5918 | D:6      | Reached XP level 9. HP: 74/78 MP: 8/8
  5938 | D:6      | Noticed Duvessa
  5938 | D:6      | Noticed Dowan
  5946 | D:6      | Reached skill level 7 in Maces & Flails
  5946 | D:6      | Found a hide-covered altar of Uskayaw.
  5962 | D:6      | Killed Duvessa
  5966 | D:6      | Killed Dowan
  6274 | D:6      | Found a runed translucent door.
  6275 | D:6      | Noticed Crazy Yiuf
  6282 | D:6      | Killed Crazy Yiuf
  6680 | D:8      | Reached skill level 8 in Maces & Flails
  6741 | D:8      | Noticed a skeletal warrior
  6741 | D:8      | Noticed a skeletal warrior
  6741 | D:8      | Noticed a skeletal warrior
  6741 | D:8      | Noticed a skeletal warrior
  6743 | D:8      | Noticed a skeletal warrior
  6793 | D:7      | Killed a skeletal warrior
  6794 | D:7      | Reached skill level 9 in Maces & Flails
  7094 | D:7      | Found Jacoq's Armour Boutique.
  7109 | D:7      | Reached skill level 10 in Maces & Flails
  7252 | D:7      | Reached XP level 10. HP: 88/88 MP: 9/9
  7252 | D:7      | Identified the +6 halberd of Fee Simple {pain, rElec rN++
                  | Dex-5}
  7318 | D:7      | Found a hide-covered altar of Uskayaw.
  7319 | D:7      | Found a shadowy altar of Dithmenos.
  7470 | D:8      | Found a stormy altar of Qazlal.
  7505 | D:8      | Noticed Maurice
  7550 | D:8      | Slain by a skeletal warrior

Illustrated notes

Levels and vault maps discovered:
D:1:      minmay_arrival_checkered_box, layout_loops_ring
D:2:      layout_basic, general_overflow_altar,
          amcnicky_mini_rare_corridor_liquid, minmay_fractal_squares_5
D:3:      layout_loops_cross, overflow_temple_1_default,
          nicolae_overflow_hidden_temple, corexii_hall_statues_s
D:4:      layout_loops_ring, lightli_temple_of_fire, serial_shops, shop,
          shop_statue, shop
D:5:      layout_loops_ring, minmay_temple_entry_wispy
D:6:      layout_loops_ring, basic_altar, uniq_crazy_yiuf_cottage, uniq_maggie,
          uniq_pikel, uniq_duvessa
D:7:      layout_gridville, grunt_temple_overflow_open, serial_shops, shop
D:8:      layout_basic, grunt_temple_overflow_champion_of_chaos,
          nicolae_qazlal_style_of_elements, uniq_maurice
Temple:   kb_corrupted_temple

Skill      XL: |  1  2  3  4  5  6  7  8  9 |
---------------+----------------------------+-----
Fighting       | 4 5 6 8 |  8.2
Axes           | 4 5 6 |  6.1
Dodging        | 3 4 5 |  5.7
Armour         | 3 4 5 6 7 |  7.9
Polearms       | 1 2 3 |  3.1
Stealth        | 1 2 |  2.3
Maces & Flails | 2 4 6 10 | 10.1

Action                   |  1- 3 |  4- 6 |  7- 9 | 10-12 || total
-------------------------+-------+-------+-------+-------++-------
Melee: Hand axe          |    71 |       |    16 |       ||    87
       Headbutt          |    12 |    23 |    45 |       ||    80
       Trident           |    12 |    45 |       |       ||    57
       Flail             |       |    62 |    61 |       ||   123
       Morningstar       |       |       |   122 |     8 ||   130
Invok: Trog's Hand       |       |     2 |     2 |     1 ||     5
       Berserk           |       |     1 |     2 |       ||     3
  Use: Scroll            |       |       |       |     2 ||     2
Armor: Animal skin       |    11 |       |       |       ||    11
       Leather armour    |     2 |       |       |       ||     2
       Ring mail         |     9 |    50 |    82 |     1 ||   142
       Scale mail        |       |    16 |       |       ||    16
Dodge: Dodged            |    51 |    65 |   105 |     3 ||   224

Table legend: (Time is in decaauts)
 A = Elapsed time spent in this place.
 B = Non-inter-level travel time spent in this place.
 C = Inter-level travel time spent in this place.
 D = Time resting spent in this place.
 E = Time spent auto-exploring this place.
 F = Levels seen in this place.
 G = Mean time per level.
                   A        B        C        D        E       F      G
               +--------+--------+--------+--------+--------+-----+--------+
         Total |   7651 |   7163 |    488 |    107 |   5396 |   9 |  850.1 |
       Dungeon |   7538 |   7069 |    469 |    107 |   5303 |   8 |  942.2 |
        Temple |    113 |     94 |     19 |      0 |     93 |   1 |  113.0 |
               +--------+--------+--------+--------+--------+-----+--------+

Top non-repeatable levels by time:
     D:6: 1284 daAuts
     D:3: 1112 daAuts
     D:4: 1106 daAuts
     D:5: 1099 daAuts
     D:1: 987 daAuts
     D:2: 928 daAuts
     D:7: 859 daAuts
     D:8: 160 daAuts
  Temple: 113 daAuts
